 Dungeon Crawl Stone Soup version 0.30-a0-632-g346586fe48 (webtiles) character file.

Game seed: 1879002714247171808

268 bande the Covered (level 6, -2/38 HPs)
             Began as a Gargoyle Fighter on Jan 14, 2023.
             Slain by Sigmund
             ... wielding a +0 scythe
              (7 damage)
             ... on level 4 of the Dungeon.
             The game lasted 00:06:16 (3935 turns).

bande the Covered (Gargoyle Fighter)                Turns: 3935, Time: 00:06:16

Health: -2/38      AC: 12    Str: 20    XL:     6   Next: 21%
Magic:  6/6        EV:  9    Int:  8    God:
Gold:   179        SH:  4    Dex: 11    Spells: 5/5 levels left

rFire   . . .      SeeInvis .    a - +1 war axe
rCold   . . .      Faith    .    c - +0 buckler
rNeg    + . .      Spirit   .    b - +0 scale mail
rPois   ∞          Reflect  .    (no helmet)
rElec   +          Harm     .    (no cloak)
rCorr   .          Rampage  .    l - +0 pair of gloves
Will    .....                    (no boots) Stlth
                                 (no amulet)
HPRegen 0.26/turn                (no ring)
MPRegen 0.10/turn                (no ring)

@: no status effects
A: sickness immunity, AC +4, negative energy resistance 1, electricity
resistance, torment resistance 1, petrification resistance
a: no special abilities


You were on level 4 of the Dungeon.
You visited 1 branch of the dungeon, and saw 4 of its levels.

You collected 179 gold pieces.

Inventory:

Hand Weapons
 a - a +1 war axe (weapon)
 o - a +1 mace of protection
Armour
 b - a +0 scale mail (worn)
 c - a +0 buckler (worn)
 l - a +0 pair of gloves (worn)
Jewellery
 n - a +5 ring of evasion
Scrolls
 g - a scroll of fear
 i - 2 scrolls of teleportation
Potions
 d - a potion of might
 e - a potion of brilliance
 f - a potion of magic
 h - 2 potions of ambrosia {unknown}
 k - a potion of heal wounds {unknown}
 m - 2 potions of curing
 p - a potion of attraction {unknown}


   Skills:
 + Level 4.1 Fighting
 + Level 4.1 Axes
 + Level 4.5 Armour
 - Level 0.1 Dodging
 + Level 4.2 Shields


You had 5 spell levels left.
You didn't know any spells.
Your spell library contained the following spells:

 Spells                   Type           Power      Damage    Failure   Level
 Magic Dart               Conj           0%         1d3       83%         1
 Call Imp                 Summ           0%         N/A       93%         2
 Poisonous Vapours        Pois/Air       0%         N/A       93%         2
 Mephitic Cloud           Conj/Pois/Air  0%         N/A       99%         3
 Cigotuvi's Dreadful Rot  Necr/Pois/Air  Unusable   N/A       N/A         2

Dungeon Overview and Level Annotations

Branches:
Dungeon (4/15)
 Temple: D:4-7

Altars:

Shops:
D:3 (*(**

Annotations:
D:4 Sigmund


Innate Abilities, Weirdness & Mutations

You are immune to sickness and miasma.
Your stone body is resilient. (AC +4)
You are immune to poison.
You resist negative energy. (rN+)
You are resistant to electric shocks. (rElec)
You are resistant to unholy torment.
You are immune to petrification.


Message History

You slash the gnoll!
The gnoll is almost dead.
Something hits you.
You hit the gnoll.
You kill the gnoll!
Something hits you but does no damage. You block the gnoll's attack.
Things that are here:
a +2 heavy spear; a gnoll corpse You miss something.
Something hits you but does no damage. The gnoll misses you.
You miss something.
The gnoll hits you from afar with a +0 spear.
Something hits you but does no damage.
You are too injured to fight recklessly!
You are too injured to fight recklessly!
You are too injured to fight recklessly!
You are too injured to fight recklessly!
You are too injured to fight recklessly!
You are too injured to fight recklessly!
You are too injured to fight recklessly!
You are too injured to fight recklessly!
You are too injured to fight recklessly!
You closely miss something. You block the gnoll's attack. Something hits you.
The gnoll hits you from afar with a +0 spear.
You slash something! You block the gnoll's attack.
You hear some strange, mumbled words.
A magic dart appears from out of thin air!
The magic dart hits you.
* * * LOW HITPOINT WARNING * * *
You miss something.
The gnoll hits you from afar with a +0 spear.
* * * LOW HITPOINT WARNING * * *
Something hits you but does no damage.
You barely miss something. The gnoll hits you but does no damage.
Something hits you but does no damage. The gnoll hits you but does no damage.
You barely miss something. The gnoll completely misses you. Something hits you.
* * * LOW HITPOINT WARNING * * *
You barely miss something. You block the gnoll's attack. Something hits you!
You die...

K. ..#.. # .##.#.#
.. .#.#.# .. ....#
.. #.#.####.#
#.##. ##.#.......
....Kg##.....# #.#
#{@)....# #.# ...
#.#.)|#.# #.# ..
#.##.##.# #.# ..
#. #.##†# #.# ..
#. #.##.# #.# #.
#. #.##.###.## #.
#. #.#...#...## #.
..
#......<...####.
#.................


You could see a gnoll and a kobold.

Vanquished Creatures
  A black bear (D:4)
  7 gnolls
  2 adders
  3 worms
  A dart slug (D:1)
  An orc (D:3)
  9 ball pythons
  4 bats
  9 endoplasms
  A giant cockroach (D:2)
  6 goblins
  6 hobgoblins
  6 jackals
  2 quokkas (D:1)
  3 frilled lizards
  10 kobolds
  4 rats
75 creatures vanquished.

Vanquished Creatures (others)
  2 plants (D:3)
2 creatures vanquished.

Grand Total: 77 creatures vanquished

Notes
Turn   | Place    | Note
-------+----------+-------------------------------------------
     0 | D:1      | bande the Gargoyle Fighter began the quest for the Orb.
     0 | D:1      | Reached XP level 1. HP: 14/14 MP: 1/1
    74 | D:1      | Reached XP level 2. HP: 14/19 MP: 2/2
   431 | D:1      | Reached XP level 3. HP: 20/23 MP: 3/3
   899 | D:2      | Reached XP level 4. HP: 29/29 MP: 4/4
  1075 | D:3      | Found Casen's Assorted Antiques.
  3049 | D:3      | Found Raxeer's Antique Weapon Emporium.
  3159 | D:3      | Found Keivir's Antique Weapon Shop.
  3291 | D:3      | Reached XP level 5. HP: 33/33 MP: 5/5
  3451 | D:3      | Found Fazoodgh's General Store.
  3534 | D:3      | Found Mesuahy's Assorted Antiques.
  3889 | D:4      | Noticed a black bear
  3897 | D:4      | Killed a black bear
  3898 | D:4      | Reached XP level 6. HP: 34/38 MP: 6/6
  3916 | D:4      | Noticed Sigmund
  3935 | D:4      | Slain by Sigmund

Illustrated notes

Levels and vault maps discovered:
D:1:      eino_arrival_tree_alley, layout_loops_ring, st_stairs_1,
          minmay_pentomino_t4
D:2:      layout_rooms
D:3:      minmay_bubble_buster, layout_basic, serial_shops, shop, shop,
          nicolae_shop_advertising_works [nicolae_subvault_shop_adworks],
          shop_statue, nicolae_shop_crystal, serial_bayou_crossing
D:4:      layout_loops_ring, jmf_multi_god_temple, nicolae_shop_vocational,
          uniq_crazy_yiuf_cottage, uniq_robin, uniq_blork_the_orc, uniq_sigmund

Skill      XL: |  1  2  3  4  5  6 |
---------------+-------------------+-----
Axes           | 2 3 4 |  4.1
Armour         | 4 |  4.5
Shields        | 4 |  4.2
Fighting       | 4 |  4.1
Dodging        | |  0.1

Action                   |  1- 3 |  4- 6 || total
-------------------------+-------+-------++-------
Melee: War axe           |   115 |   125 ||   240
  Use: Scroll            |     5 |     5 ||    10
Armor: Scale mail        |    80 |    75 ||   155
Dodge: Dodged            |    71 |    77 ||   148
Block: Buckler           |    33 |    45 ||    78

Table legend: (Time is in decaauts)
 A = Elapsed time spent in this place.
 B = Non-inter-level travel time spent in this place.
 C = Inter-level travel time spent in this place.
 D = Time resting spent in this place.
 E = Time spent auto-exploring this place.
 F = Levels seen in this place.
 G = Mean time per level.
                   A        B        C        D        E       F      G
               +--------+--------+--------+--------+--------+-----+--------+
         Total |   4046 |   3976 |     70 |   1783 |   1530 |   4 | 1011.5 |
       Dungeon |   4046 |   3976 |     70 |   1783 |   1530 |   4 | 1011.5 |
               +--------+--------+--------+--------+--------+-----+--------+

Top non-repeatable levels by time:
     D:2: 2100 daAuts
     D:3: 1074 daAuts
     D:1: 785 daAuts
     D:4: 87 daAuts
